 Dungeon Crawl Stone Soup version 0.27-a0-1290-g15d3ce7508 (webtiles) character file.

Game seed: 14863643416186495406

688 27snakeeyes612 the Skirmisher (level 7, -1/38 HPs)
             Began as a Vine Stalker Fighter on June 15, 2021.
             Was a Follower of Okawaru.
             Slain by an ogre (19 damage)
             ... on level 5 of the Dungeon.
             The game lasted 00:05:04 (4133 turns).

27snakeeyes612 the Skirmisher (VSFi)                Turns: 4133, Time: 00:05:04

Health: -1/38      AC:  8    Str: 20    XL:     7   Next: 63%
Magic:  0/8        EV:  7    Int: 14    God:    Okawaru [*.....]
Gold:   312        SH: 10    Dex: 14    Spells: 6/6 levels left

rFire    x . .     SeeInvis .   f - +0 whip
rCold    + . .     Faith    .   c - +0 kite shield
rNeg     . . .     Spirit   +   b - +0 scale mail
rPois    .         Reflect  .   (no helmet)
rElec    .         Harm     .   (no cloak)
rCorr    .         Rampage  .   (no gloves)
Will     .....                  g - +0 pair of boots
Stlth    ..........             (no amulet)
HPRegen  1.12/turn              e - ring of ice
MPRegen  0.11/turn              j - +6 ring of intelligence

@: no status effects
A: fangs 2, regeneration 1, magic shield, antimagic bite, no potion heal 2
a: Renounce Religion, Heroism


You were on level 5 of the Dungeon.
You worshipped Okawaru.
Okawaru was aware of your devotion.
You visited 2 branches of the dungeon, and saw 6 of its levels.

You collected 312 gold pieces.

Inventory:

Hand Weapons
 a - a +0 flail
 f - a +0 whip (weapon)
Missiles
 q - 8 atropa-tipped darts (quivered)
Armour
 b - a +0 scale mail (worn)
 c - a +0 kite shield (worn)
 g - a +0 pair of boots (worn)
Jewellery
 e - a ring of ice (left hand)
 j - a +6 ring of intelligence (right hand)
Scrolls
 h - 4 scrolls of enchant weapon {unknown}
 i - 3 scrolls of teleportation {unknown}
 k - 4 scrolls of identify {unknown}
 m - a scroll of fear {unknown}
 n - 4 scrolls of blinking {unknown}
 p - 2 scrolls of noise {unknown}
Potions
 d - 2 potions of might
 l - a potion of invisibility {unknown}
 o - a potion of haste {unknown}
 r - a potion of degeneration {unknown}


   Skills:
 + Level 4.6 Fighting
 + Level 4.0 Maces & Flails
 + Level 4.1 Armour
 + Level 4.5 Shields


You had 6 spell levels left.
You didn't know any spells.
Your spell library contained the following spells:

 Spells                   Type           Power      Damage    Failure   Level
 Magic Dart               Conj           0%         1d3       97%         1
 Searing Ray              Conj           0%         3d3       99%         2
 Dazzling Flash           Conj/Hex       0%         N/A       100%        3
 Fulminant Prism          Conj/Hex       0%         3d6       100%        4
 Iskenderun's Mystic Bla  Conj/Tloc      0%         2d3       100%        4


Dungeon Overview and Level Annotations

Branches:
Dungeon (5/15)             Temple (1/1) D:4

Altars:
Ashenzari
Cheibriados
Kikubaaqudgha
Okawaru
Xom


Innate Abilities, Weirdness & Mutations

You have extremely sharp teeth.
Your natural rate of healing is unusually fast.
When hurt, damage is shared between your health and your magic reserves.
Your bite disrupts and absorbs the magic of your enemies.
Potions cannot restore your health.


Message History

No target in view!
No target in view!
No target in view!
No target in view!
You feel sick.
You feel sick.
You are no longer poisoned.
HP restored.
Found a stone staircase leading up.
You see here a scorpion corpse.
There is a stone staircase leading up here.
An ogre comes into view. It is wielding a +0 giant club.
The ogre shouts!
An ogre is nearby!
Unknown command.
An ogre is nearby!
An ogre is nearby!
You hit the ogre. You bite the ogre. You drain its power.
The ogre is moderately wounded.
The ogre hits you with a +0 giant club!!
You hit the ogre. Your bite misses the ogre.
The ogre is heavily wounded.
The ogre hits you with a +0 giant club!
* * * LOW HITPOINT WARNING * * *
You are too injured to fight recklessly!
You are too injured to fight recklessly!
You are too injured to fight recklessly!
You are too injured to fight recklessly!
You are too injured to fight recklessly!
You are too injured to fight recklessly!
You are too injured to fight recklessly!
You are too injured to fight recklessly!
You are too injured to fight recklessly!
You are too injured to fight recklessly!
You are too injured to fight recklessly!
You are too injured to fight recklessly!
There is a stone staircase leading up here.
The ogre hits you with a +0 giant club!!
Ouch! That really hurt!
You die...

.. ..## ... # #.#########
..##.........###
........#......#
#.#.......##......
#......####.#.##.###
##....<..O@.# .. ..#
.........###.# .#.#
.#.#.#.#.# ... #.#
.........# #### #.#
.#.#.#.#.#### #####.##
.........†..# #....<.#
.#.#.#.#....###.###..###..
........(..................
#.#.#.#....###.##...###...


You could see an ogre.

Vanquished Creatures
  2 ogres
  A black bear (D:3)
  A kobold brigand (D:4)
  A scorpion (D:5)
  2 hounds (D:2)
  A jelly (D:4)
  2 orc priests
  An orc wizard (D:3)
  A howler monkey zombie (D:5)
  A gnoll (D:3)
  2 adders
  3 adder skeletons (D:4)
  A dart slug (D:1)
  6 orcs (D:4)
  5 bats
  6 endoplasms
  7 giant cockroaches
  4 goblins
  10 hobgoblins
  6 jackals (D:1)
  7 kobolds
  A quokka (D:3)
  8 ball pythons
  2 frilled lizards (D:1)
  4 rats
85 creatures vanquished.

Notes
Turn   | Place    | Note
-------+----------+-------------------------------------------
     0 | D:1      | 27snakeeyes612 the Vine Stalker Fighter began the quest for
                  | the Orb.
     0 | D:1      | Reached XP level 1. HP: 11/11 MP: 2/2
    90 | D:1      | Reached XP level 2. HP: 14/16 MP: 3/3
   126 | D:1      | Found a faded altar of an unknown god.
   132 | D:1      | You fall into a shaft and drop 1 floor!
   270 | D:1      | Reached XP level 3. HP: 3/20 MP: 2/4
  1799 | D:2      | Gained mutation: Your natural rate of healing is unusually
                  | fast. [Vine Stalker growth]
  1799 | D:2      | Reached XP level 4. HP: 21/24 MP: 5/5
  2791 | D:2      | Reached XP level 5. HP: 28/28 MP: 6/6
  2976 | D:4      | Noticed an ogre
  2994 | D:4      | Killed an ogre
  2995 | D:4      | Reached XP level 6. HP: 9/33 MP: 1/7
  3068 | D:4      | Found a staircase to the Ecumenical Temple.
  3076 | Temple   | Entered the Ecumenical Temple
  3091 | Temple   | Became a worshipper of Warmaster Okawaru
  3406 | D:4      | Noticed a black bear
  3436 | D:3      | Killed a black bear
  3760 | D:3      | Reached XP level 7. HP: 37/37 MP: 8/8
  3790 | D:4      | Reached * piety under Okawaru
  4071 | D:5      | Entered Level 5 of the Dungeon
  4133 | D:5      | Slain by an ogre

Illustrated notes

Levels and vault maps discovered:
D:1:      lemuel_arrival_funnel, layout_loops_ring,
          ebering_ecumenical_altar_hall, minmay_misc_feat_ornament,
          minmay_split_cup_large
D:2:      layout_loops_corners
D:3:      layout_loops_ring, st_stairs_1, cheibrodos_gnoll_hut
D:4:      minmay_bubble_buster, layout_loops_cross, minmay_temple_entry_waves
D:5:      layout_loops_cross, lemuel_round_altar, serial_glass, glass_columns_c,
          glass_columns_c, glass_columns_a, glass_columns_a, glass_columns_b,
          glass_columns_a, glass_columns_a, glass_columns_c, minmay_lizard_king
Temple:   regret_index_temple_chain_breaker

Skill      XL: |  1  2  3  4  5  6  7 |
---------------+----------------------+-----
Fighting       | 3 4 |  4.6
Maces & Flails | 2 3 4 |  4.0
Shields        | 3 4 |  4.5
Armour         | 3 4 |  4.1

Action                   |  1- 3 |  4- 6 |  7- 9 || total
-------------------------+-------+-------+-------++-------
Melee: Flail             |    72 |       |       ||    72
       Bite              |    30 |    42 |    29 ||   101
       Whip              |    61 |   133 |    88 ||   282
Throw: Dart              |       |       |     1 ||     1
Armor: Scale mail        |    95 |    58 |    29 ||   182
Dodge: Dodged            |    71 |    35 |    19 ||   125
Block: Kite shield       |    80 |    79 |    47 ||   206

Table legend: (Time is in decaauts)
 A = Elapsed time spent in this place.
 B = Non-inter-level travel time spent in this place.
 C = Inter-level travel time spent in this place.
 D = Time resting spent in this place.
 E = Time spent auto-exploring this place.
 F = Levels seen in this place.
 G = Mean time per level.
                   A        B        C        D        E       F      G
               +--------+--------+--------+--------+--------+-----+--------+
         Total |   4228 |   4054 |    174 |     25 |   3230 |   6 |  704.7 |
       Dungeon |   4203 |   4029 |    174 |     25 |   3223 |   5 |  840.6 |
        Temple |     24 |     24 |      0 |      0 |      7 |   1 |   24.0 |
               +--------+--------+--------+--------+--------+-----+--------+

Top non-repeatable levels by time:
     D:1: 1416 daAuts
     D:4: 1000 daAuts
     D:2: 922 daAuts
     D:3: 800 daAuts
     D:5: 63 daAuts
  Temple: 24 daAuts
